 Dungeon Crawl Stone Soup version 0.30.0-5-g1a98f26d00 (webtiles) character file.

Game seed: 11849790033007431282

187 firemarshallily the Thrower (level 5, -4/38 HPs)
             Began as a Gnoll Wanderer on May 8, 2023.
             Slain by a gnoll
             ... wielding a +0 halberd
              (13 damage)
             ... on level 2 of the Dungeon.
             The game lasted 00:07:33 (2265 turns).

firemarshallily the Thrower (Gnoll Wanderer)        Turns: 2265, Time: 00:07:34

Health: -4/38      AC:  5    Str: 12    XL:     5   Next: 66%
Magic:  9/9        EV: 17    Int: 10    God:
Gold:   117        SH:  6    Dex: 14    Spells: 9/10 levels left

rFire   . . .        a - +2 dagger
rCold   . . .        c - +1 buckler
rNeg    . . .        e - +0 leather armour
rPois   .            i - +0 helmet
rElec   .            (no cloak)
rCorr   .            g - +0 pair of gloves
SInv    .            (no boots)
Will    .....        (no amulet)
Stlth   ++           n - +5 ring of evasion
HPRegen 0.26/turn    (no ring)
MPRegen 0.11/turn

%: no passive effects
@: no status effects
A: fangs 1, strong nose, distributed training
a: no special abilities


You were on level 2 of the Dungeon.
You visited 1 branch of the dungeon, and saw 3 of its levels.

You collected 117 gold pieces.

Inventory:

Hand Weapons
 a - a +2 dagger (weapon)
Missiles
 b - 2 curare-tipped darts (quivered)
 f - 11 poisoned darts
Armour
 c - a +1 buckler (worn)
 e - a +0 leather armour (worn)
 g - a +0 pair of gloves (worn)
 i - a +0 helmet (worn)
Jewellery
 n - a +5 ring of evasion (left hand)
Scrolls
 d - a scroll of fog
 h - a scroll of teleportation {unknown}
 l - a scroll of blinking
 o - a scroll of enchant weapon
Potions
 j - 2 potions of haste {unknown}
 k - a potion of flight {unknown}
 m - a potion of ambrosia {unknown}
 p - a potion of mutation {unknown}
 r - a potion of lignification {unknown}


   Skills:
 + Level 1.6 Fighting
 + Level 1.6 Short Blades
 + Level 1.6 Long Blades
 + Level 1.6 Axes
 + Level 1.6 Maces & Flails
 + Level 1.6 Polearms
 + Level 1.6 Staves
 + Level 1.6 Ranged Weapons
 + Level 10.5 Throwing
 + Level 1.6 Armour
 + Level 3.1 Dodging
 + Level 1.6 Stealth
 + Level 3.1 Shields
 + Level 1.6 Unarmed Combat
 + Level 3.2 Spellcasting
 + Level 1.3 Conjurations
 + Level 1.3 Hexes
 + Level 1.3 Summonings
 + Level 1.3 Necromancy
 + Level 1.3 Translocations
 + Level 4.0 Transmutations
 + Level 1.3 Fire Magic
 + Level 1.3 Ice Magic
 + Level 1.3 Air Magic
 + Level 1.3 Earth Magic
 + Level 1.3 Poison Magic
 + Level 1.9 Invocations
 + Level 1.6 Evocations


You had 9 spell levels left.
You knew the following spells:

 Your Spells              Type           Power      Damage    Failure   Level
a - Sting                 Tmut/Pois      28%        1d4       16%         1

Your spell library contained the following spells:

 Spells                   Type           Power      Damage    Failure   Level
 Ignite Poison            Fire/Tmut/Pois 6%         N/A       52%         3


Dungeon Overview and Level Annotations

Branches:
Dungeon (3/15)

Altars:


Innate Abilities, Weirdness & Mutations

You have very sharp teeth.
Your uncanny sense of smell can sniff out nearby items.
Your experience applies equally to all skills.


Message History

The adder poisons you!
You hit the gnoll but do no damage.
The gnoll is lightly wounded.
You feel sick. The gnoll closely misses you.
The adder bites you but does no damage.
You completely miss the gnoll.
The gnoll is lightly wounded.
You feel sick. The gnoll barely misses you. You block the adder's attack.
You hit the gnoll.
The gnoll is moderately wounded.
You feel sick. The adder bites you.
* * * LOW HITPOINT WARNING * * *
The gnoll completely misses you.
You hit the gnoll but do no damage.
The gnoll is moderately wounded.
You feel sick. The adder misses you. The gnoll closely misses you.
You block the adder's attack.
You feel better. You block the gnoll's attack. The adder closely misses you.
You hit the gnoll.
The gnoll is moderately wounded.
The adder bites you but does no damage. The gnoll misses you.
You hit the gnoll but do no damage.
The gnoll is moderately wounded.
The adder bites you but does no damage. The gnoll closely misses you.
The adder completely misses you.
You hit the gnoll.
The gnoll is heavily wounded.
The gnoll completely misses you. The adder barely misses you.
You hit the gnoll.
The gnoll is heavily wounded.
The adder closely misses you. The gnoll misses you.
You hit the gnoll but do no damage.
The gnoll is heavily wounded.
The adder barely misses you. The gnoll hits you with a +0 halberd!
* * * LOW HITPOINT WARNING * * *
The adder misses you.
You barely miss the gnoll.
The gnoll is heavily wounded.
The gnoll hits you with a +0 halberd!
You die...

############## #######
#............## #.....#
#.##########...
#.###.########.#########.... #<#
#.....S................. #.#
###...g@.(..####.###...# #.#
#.#.####..####...<..## #.#
#.#.## #..#....###.## #.#
#....###..#.#.#.##.### ##.#
#............###.#.... ##..#
#....##...............
##.#.#####)#.###..........##.#.
#.###......#.# #.............††
###.#.#####.#.###..........##..#


You could see a gnoll and an adder.

Vanquished Creatures
  Jessica (D:2)
  Terence (D:2)
  Robin (D:3)
  5 adders
  2 worms (D:2)
  2 dart slugs
  An orc (D:2)
  3 endoplasms
  4 giant cockroaches
  13 goblins
  10 hobgoblins
  2 jackals (D:2)
  5 quokkas
  6 ball pythons
  4 bats
  A frilled lizard (D:1)
  4 kobolds
  A rat (D:2)
66 creatures vanquished.

Notes
Turn   | Place    | Note
-------+----------+-------------------------------------------
     0 | D:1      | Reached skill level 10 in Throwing
     0 | D:1      | firemarshallily the Gnoll Wanderer began the quest for the
                  | Orb.
     0 | D:1      | firemarshallily set off with the following items: a +2
                  | dagger, 2 curare-tipped darts, a +0 buckler, a scroll of
                  | fog, a +0 leather armour; and the following spell
                  | memorised: Sting; and the following spells available to
                  | memorise: Ignite Poison.
     0 | D:1      | Reached XP level 1. HP: 13/13 MP: 4/4
   188 | D:1      | Found a faded altar of an unknown god.
   193 | D:1      | Reached XP level 2. HP: 19/19 MP: 5/5
   787 | D:1      | Reached XP level 3. HP: 25/25 MP: 7/7
   977 | D:2      | Reached skill level 1 in Invocations
  1013 | D:2      | Noticed Jessica
  1014 | D:2      | Reached skill level 1 in Fighting
  1014 | D:2      | Reached skill level 1 in Short Blades
  1014 | D:2      | Reached skill level 1 in Long Blades
  1014 | D:2      | Reached skill level 1 in Axes
  1014 | D:2      | Reached skill level 1 in Maces & Flails
  1014 | D:2      | Reached skill level 1 in Polearms
  1014 | D:2      | Reached skill level 1 in Staves
  1014 | D:2      | Reached skill level 1 in Ranged Weapons
  1014 | D:2      | Reached skill level 1 in Armour
  1014 | D:2      | Reached skill level 1 in Stealth
  1014 | D:2      | Reached skill level 1 in Unarmed Combat
  1014 | D:2      | Reached skill level 1 in Evocations
  1034 | D:2      | Killed Jessica
  1035 | D:2      | Reached skill level 1 in Conjurations
  1035 | D:2      | Reached skill level 1 in Hexes
  1035 | D:2      | Reached skill level 1 in Summonings
  1035 | D:2      | Reached skill level 1 in Necromancy
  1035 | D:2      | Reached skill level 1 in Translocations
  1035 | D:2      | Reached skill level 1 in Fire Magic
  1035 | D:2      | Reached skill level 1 in Ice Magic
  1035 | D:2      | Reached skill level 1 in Air Magic
  1035 | D:2      | Reached skill level 1 in Earth Magic
  1035 | D:2      | Reached skill level 1 in Poison Magic
  1035 | D:2      | Reached XP level 4. HP: 27/32 MP: 4/8
  1294 | D:2      | Noticed Terence
  1321 | D:2      | Killed Terence
  1322 | D:2      | Reached XP level 5. HP: 6/37 MP: 1/9
  1911 | D:3      | Noticed Robin
  2110 | D:3      | Killed Robin
  2265 | D:2      | Slain by a gnoll

Illustrated notes

Levels and vault maps discovered:
D:1:      minmay_arrival_hallway, layout_loops_ring,
          nicolae_ecumenical_snake_handling
D:2:      layout_loops_ring, uniq_jessica, uniq_terence
D:3:      layout_rooms, ebering_ghost_sewer_d, uniq_sigmund, uniq_robin

Skill      XL: |  1  2  3  4  5 |
---------------+----------------+-----
Throwing       | | 10.5
Invocations    | 1 |  1.9
Fighting       | 1 |  1.6
Short Blades   | 1 |  1.6
Long Blades    | 1 |  1.6
Axes           | 1 |  1.6
Maces & Flails | 1 |  1.6
Polearms       | 1 |  1.6
Staves         | 1 |  1.6
Ranged Weapons | 1 |  1.6
Armour         | 1 |  1.6
Stealth        | 1 |  1.6
Unarmed Combat | 1 |  1.6
Evocations     | 1 |  1.6
Spellcasting   | 3 |  3.2
Conjurations   | 1 |  1.3
Hexes          | 1 |  1.3
Summonings     | 1 |  1.3
Necromancy     | 1 |  1.3
Translocations | 1 |  1.3
Fire Magic     | 1 |  1.3
Ice Magic      | 1 |  1.3
Air Magic      | 1 |  1.3
Earth Magic    | 1 |  1.3
Poison Magic   | 1 |  1.3
Dodging        | 3 |  3.1
Shields        | 3 |  3.1
Transmutations | 4 |  4.0

Action                     |  1- 3 |  4- 6 || total
---------------------------+-------+-------++-------
  Melee: Dagger            |   118 |   199 ||   317
         Bite              |    10 |    16 ||    26
   Cast: Sting             |     3 |     8 ||    11
    Use: Scroll            |       |     5 ||     5
         Potion            |       |     1 ||     1
   Stab: Sleeping          |     3 |     1 ||     4
 Armour: Leather armour    |    34 |    47 ||    81
  Dodge: Dodged            |    79 |   185 ||   264
  Block: Buckler           |    17 |    59 ||    76
